 Dungeon Crawl Stone Soup version 0.17.0-18-gaab0e96 (webtiles) character file.

6914 Jaden271 the Cleaver (level 10, 0/88 HPs)
             Began as a Deep Dwarf Abyssal Knight on Nov 11, 2015.
             Was a High Priest of Lugonu.
             Slain by a wolf (4 damage)
             ... led by Grum
             ... on level 1 of the Lair of Beasts.
             The game lasted 01:07:27 (8900 turns).

Jaden271 the Cleaver (Deep Dwarf Abyssal Knight)    Turns: 8900, Time: 01:07:27

Health: 0/88       AC: 15    Str: 18    XL:     10   Next: 79%
Magic:  0/0        EV:  9    Int: 14    God:    Lugonu [*****.]
Gold:   302        SH: 13    Dex: 12    Spells: 0 memorised, 9 levels left

rFire  . . .     SeeInvis .     a - +2 hand axe
rCold  + . .     Clarity  .     O - +1 chain mail
rNeg   + . .     SustAt   .     f - +2 shield
rPois  .         Gourm    .     (no helmet)
rElec  .         Spirit   .     x - +0 cloak
rCorr  .         Warding  +     b - +0 pair of gloves
rMut   .         Stasis   .     j - +0 pair of boots
MR     ++...                    s - amulet of warding
Stlth  ..........               q - ring of protection from cold
                                m - ring of protection from magic

@: non-regenerating, very resistant to hostile enchantments, extremely
unstealthy
A: damage resistance, recharge devices, sense surroundings 2, slow regeneration
3
a: Device Recharging, Depart the Abyss, Bend Space, Banish, Corrupt, Enter the
Abyss, Renounce Religion


You were on level 1 of the Lair of Beasts.
You worshipped Lugonu.
Lugonu was extremely pleased with you.
You were hungry.

You visited 3 branches of the dungeon, and saw 10 of its levels.
You visited the Abyss 1 time.

You collected 427 gold pieces.
You spent 125 gold pieces at shops.

Inventory:

Hand Weapons
 a - a +2 hand axe (weapon)
 r - a +2 whip of electrocution
Missiles
 T - 4 tomahawks of dispersal (quivered)
Armour
 b - a +0 pair of gloves (worn)
 f - a +2 shield (worn)
 j - a +0 pair of boots (worn)
 x - a +0 cloak (worn)
 O - a +1 chain mail (worn)
Magical Staves
 C - an uncursed staff of poison {unknown}
Jewellery
 m - a ring of protection from magic (left hand)
 q - a ring of protection from cold (right hand)
 s - an amulet of warding (around neck)
 D - an uncursed amulet of faith {unknown}
 E - an uncursed ring of flight {unknown}
 J - an uncursed amulet of guardian spirit {unknown}
Wands
 c - a wand of heal wounds (0)
 v - a wand of paralysis (6)
 w - a wand of draining (12)
 H - a wand of digging (12)
 N - a wand of magic darts (10)
 V - a wand of frost (31)
 Y - a wand of draining (4)
Scrolls
 g - 7 scrolls of identify
 h - 2 scrolls of recharging
 i - 2 scrolls of blinking
 l - a scroll of noise {unknown}
 o - a scroll of fog
 u - a scroll of fear
 y - a scroll of teleportation
 z - 3 scrolls of amnesia
 G - 2 scrolls of enchant weapon
 X - 2 scrolls of remove curse
Potions
 e - 2 potions of brilliance
 k - 2 potions of agility
 n - 2 potions of ambrosia {unknown}
 p - 4 potions of might
 t - 2 potions of curing
 A - a potion of mutation {unknown}
 F - 3 potions of lignification {unknown}
 L - 2 potions of heal wounds {unknown}
 P - 2 potions of poison {unknown}
 R - 2 potions of flight {unknown}
Comestibles
 d - 5 bread rations
 M - 6 fruits
 Q - a meat ration
 S - 8 slices of pizza


   Skills:
 + Level 5.2 Fighting
 * Level 9.3 Axes
 + Level 7.3 Armour
 - Level 7.0 Dodging
 + Level 7.8 Shields
 + Level 3.3 Invocations
 * Level 9.0 Evocations


You had 9 spell levels left.
You didn't know any spells.

Dungeon Overview and Level Annotations

Branches:
Dungeon (8/15)             Temple (1/1) D:5            Lair (1/8) D:8

Altars:
Ashenzari
Cheibriados
Dithmenos
Elyvilon
Fedhas
Gozag
Kikubaaqudgha
Makhleb
Nemelex Xobeh
Okawaru
Qazlal
Ru
Sif Muna
Trog
Vehumet
Xom
Yredelemnul
Zin
The Shining One
Lugonu

Shops:
D:4 *   D:6 }

Annotations:
D:7 corrupted
Lair:1 Grum


Innate Abilities, Weirdness & Mutations

You are resistant to damage.
You can recharge devices by infusing magical energy.
You passively map the area around you.
You do not regenerate naturally.


Message History

You closely miss the wolf.
The wolf is almost dead.
The wolf closely misses you. The wolf bites you!
* * * LOW HITPOINT WARNING * * *
You block Grum's attack.
You miss the wolf.
The wolf is almost dead.
You block the wolf's attack.
Your shield and chain mail prevent you from hitting the wolf.
The wolf is almost dead.
The wolf bites you but does no damage. Grum hits you but does no damage.
You block the wolf's attack.
You slash the wolf!
You kill the wolf!
Lugonu accepts your kill. You block Grum's attack.
You hit the wolf.
The wolf is lightly wounded.
The wolf bites you.
You die...

....## ##.....##..#....### ..#.#
#..........#....## ###.#
#........###.....## ###.###
#.................# ......#
#................## ......#
##..............## ......##
##...#P........## .......#
#.........%...## ......##
##@#####.....## #.....## #h##
#.##### ..#...P# #######gr# ###
.......###P#..rrr##
...............rr# #
.................# ### *.
....รท...#........# ###.#######.
..............#..#####.........#.
...........................r.r...


You could see Grum, a wolf and 5 river rats.

Vanquished Creatures
  Harold (Lair:1)
  Pikel (D:4)
  A komodo dragon (Lair:1)
  A spiny frog (Lair:1)
  The ghost of inmateoo the Cudgeler, a novice GrGl (D:4)
  Grinder (D:4)
  Prince Ribbit (D:6)
  A deep elf fighter (D:8)
  2 basilisks (Lair:1)
  A hippogriff (D:8)
  3 wolves (Lair:1)
  A mottled dragon (D:8)
  An orc warrior (D:8)
  5 ice beasts
  3 sky beasts
  A slave (D:4)
  2 black bears (D:6)
  3 ogres
  2 centaurs
  2 big kobolds (D:8)
  A crocodile (D:8)
  2 giant frogs
  A scorpion (D:5)
  7 wights (D:6)
  3 hounds
  2 crimson imps
  A wasp zombie (D:8)
  3 giant frog skeletons
  A giant frog zombie (D:8)
  An orc priest (D:6)
  Ijyb (D:3)
  4 orc wizards
  5 worker ants
  Natasha (thrice) (D:4)
  7 iguanas
  7 sheep (Lair:1)
  A hound skeleton (D:5)
  2 worker ant zombies
  8 adders
  9 gnolls
  12 river rats (Lair:1)
  5 shadow imps
  2 oozes
  2 worms (D:2)
  2 adder skeletons
  3 giant geckos
  14 orcs
  5 giant cockroaches
  6 goblins
  5 hobgoblins
  22 jackals
  14 kobolds
  5 quokkas
  A ball python (D:5)
  9 bats
  6 giant newts
  A quokka skeleton (D:8)
  9 rats
  5 plants
231 creatures vanquished.

Vanquished Creatures (others)
  A hungry ghost (D:7)
  Menkaure (D:7)
  An ogre (D:7)
  3 centaurs (D:7)
  2 gnolls (D:7)
  An adder (D:4)
  A giant newt (D:7)
  A plant (D:8)
  7 starspawn tentacles (D:7)
  13 starspawn tentacle segments (D:7)
31 creatures vanquished.

Grand Total: 262 creatures vanquished

Notes
Turn   | Place    | Note
--------------------------------------------------------------
     0 | Abyss:1  | Jaden271 the Deep Dwarf Abyssal Knight began the quest for the Orb.
     0 | Abyss:1  | Reached XP level 1. HP: 20/20 MP: 2/2
     4 | D:1      | Escaped the Abyss
   326 | D:1      | Reached * piety under Lugonu
   326 | D:1      | Reached XP level 2. HP: 25/27 MP: 4/4
   375 | D:1      | Reached skill level 3 in Fighting
   396 | D:1      | Reached skill level 1 in Evocations
   651 | D:1      | Reached XP level 3. HP: 20/34 MP: 5/5
  1052 | D:2      | Found an ancient bone altar of Kikubaaqudgha.
  1430 | D:2      | Found an opulent altar of Gozag.
  1588 | D:2      | Reached XP level 4. HP: 39/42 MP: 6/6
  1598 | D:2      | Reached ** piety under Lugonu
  1627 | D:2      | Found a shattered altar of Ashenzari.
  1850 | D:2      | Reached skill level 1 in Shields
  2042 | D:2      | Reached XP level 5. HP: 22/49 MP: 7/7
  2252 | D:3      | Noticed Ijyb
  2279 | D:3      | Killed Ijyb
  2440 | D:3      | Found an iron altar of Okawaru.
  2615 | D:3      | Found a deep blue altar of Sif Muna.
  2977 | D:4      | Noticed an ogre
  2991 | D:3      | Killed an ogre
  2991 | D:3      | Reached *** piety under Lugonu
  2991 | D:3      | Reached XP level 6. HP: 52/56 MP: 7/7
  3148 | D:4      | Noticed inmateoo's ghost (novice GrGl)
  3223 | D:4      | Noticed Pikel
  3225 | D:4      | Noticed a slave
  3233 | D:4      | Noticed a slave
  3248 | D:4      | Noticed a slave
  3273 | D:4      | Killed inmateoo's ghost
  3273 | D:4      | Reached skill level 4 in Dodging
  3273 | D:4      | Reached XP level 7. HP: 48/62 MP: 7/9
  3275 | D:4      | Killed a slave
  3279 | D:4      | Noticed a slave
  3339 | D:4      | Killed Pikel
  3339 | D:4      | Reached skill level 5 in Dodging
  3339 | D:4      | Reached skill level 5 in Evocations
  3339 | D:4      | Reached XP level 8. HP: 48/72 MP: 8/8
  3439 | D:4      | Noticed Natasha
  3452 | D:4      | Killed Natasha
  3467 | D:4      | Noticed Natasha
  3480 | D:4      | Killed Natasha
  3510 | D:4      | Noticed Natasha
  3521 | D:4      | Killed Natasha
  3567 | D:4      | Found Affaguji's Assorted Antiques.
  3577 | D:4      | Noticed Grinder
  3663 | D:4      | Killed Grinder
  3663 | D:4      | Reached skill level 5 in Axes
  3673 | D:4      | Bought a gold wand for 100 gold pieces
  3673 | D:4      | Bought a scroll labeled LIWKAFITZA for 25 gold pieces
  3982 | D:5      | Entered Level 5 of the Dungeon
  4306 | D:5      | Reached **** piety under Lugonu
  4306 | D:5      | Reached skill level 6 in Dodging
  4323 | D:5      | Found a staircase to the Ecumenical Temple.
  4337 | Temple   | Entered the Ecumenical Temple
  5098 | D:5      | Reached skill level 5 in Armour
  5098 | D:5      | Gained mutation: You passively map the area around you. [Deep Dwarf growth]
  5098 | D:5      | Reached XP level 9. HP: 61/78 MP: 7/7
  5250 | D:6      | Reached skill level 5 in Shields
  5317 | D:6      | Noticed Prince Ribbit
  5332 | D:6      | Killed Prince Ribbit
  5368 | D:6      | Found Pusibyej's Gadget Emporium.
  5552 | D:6      | Reached skill level 7 in Dodging
  5662 | D:6      | Found a glowing golden altar of the Shining One.
  5792 | D:6      | Found a white marble altar of Elyvilon.
  6182 | D:7      | Corrupted D:7
  6182 | D:7      | Noticed a smoke demon
  6182 | D:7      | Noticed an efreet
  6182 | D:7      | Noticed an efreet
  6182 | D:7      | Noticed a thrashing horror
  6182 | D:7      | Noticed a starcursed mass
  6182 | D:7      | Noticed a Hell Sentinel
  6182 | D:7      | Noticed a guardian serpent
  6182 | D:7      | Noticed a profane servitor
  6182 | D:7      | Noticed a thrashing horror
  6182 | D:7      | Noticed a tentacled starspawn
  6183 | D:7      | Noticed a large abomination
  6183 | D:7      | Noticed a great orb of eyes
  6183 | D:7      | Noticed a smoke demon
  6184 | D:7      | Noticed a spatial maelstrom
  6185 | D:7      | Noticed a sun demon
  6189 | D:7      | Killed Menkaure
  6193 | D:7      | Noticed a tentacled starspawn
  6230 | D:7      | HP: 1/79 [tentacled starspawn[Lugonu's corruption] (11)]
  6232 | D:7      | Noticed a sixfirhy
  6686 | D:7      | Found a sacrificial altar of Ru.
  6689 | D:7      | Found a stormy altar of Qazlal.
  7251 | D:8      | Found a bloodstained altar of Trog.
  7253 | D:8      | Found a glowing silver altar of Zin.
  7254 | D:8      | Found a sparkling altar of Nemelex Xobeh.
  7276 | D:8      | Reached skill level 8 in Evocations
  7282 | D:8      | Reached XP level 10. HP: 52/87 MP: 0/2
  7296 | D:8      | Reached ***** piety under Lugonu
  8010 | D:8      | Found a staircase to the Lair.
  8058 | Lair:1   | Entered Level 1 of the Lair of Beasts
  8303 | Lair:1   | Noticed Harold
  8308 | Lair:1   | Reached skill level 5 in Fighting
  8335 | Lair:1   | Killed Harold
  8535 | Lair:1   | Reached skill level 9 in Axes
  8808 | Lair:1   | Noticed Grum
  8896 | Lair:1   | HP: 4/88 [wolf[Grum] (5)]
  8900 | Lair:1   | Slain by a wolf

Action                   |  1- 3 |  4- 6 |  7- 9 | 10-12 || total
-------------------------+-------+-------+-------+-------++-------
Melee: Hand axe          |   314 |   321 |   749 |   362 ||  1746
Throw: Tomahawk          |       |     3 |       |       ||     3
Invok: Depart the Abyss  |     1 |       |       |       ||     1
       Bend Space        |       |     2 |       |       ||     2
       Banish            |       |       |     1 |       ||     1
       Corrupt           |       |       |     1 |       ||     1
 Abil: Device Recharging |       |     1 |    13 |     2 ||    16
Evoke: Wand              |     1 |     9 |    49 |    19 ||    78
  Use: Scroll            |     3 |     2 |     4 |     4 ||    13
       Potion            |       |     1 |       |       ||     1
 Stab: Sleeping          |     1 |       |       |       ||     1
       Paralysed         |       |       |     5 |    47 ||    52
  Eat: Chunk             |     2 |     1 |     5 |     5 ||    13
       Fruit             |     1 |     3 |       |       ||     4
       Pizza             |       |     1 |       |       ||     1
       Bread ration      |       |       |     4 |       ||     4
       Beef jerky        |       |       |     1 |       ||     1
